 Dungeon Crawl Stone Soup version 0.31-a0-662-g684573625c (webtiles) character file.

Game seed: 9357249723396938626

62 sampeng1 the Ruffian (level 3, 0/43 HPs)
             Began as a Draconian Shapeshifter on Sept 1, 2023.
             Slain by a hobgoblin (2 damage)
             ... led by Robin
             ... on level 2 of the Dungeon.
             The game lasted 00:03:11 (943 turns).

sampeng1 the Ruffian (Draconian Shapeshifter)        Turns: 943, Time: 00:03:12

Health: 0/43       AC: 21    Str: 18    XL:     3   Next: 85%
Magic:  3/3        EV:  2    Int: 10    God:
Gold:   46         SH:  0    Dex: 10    Spells: 2/2 levels left

rFire   . .          .
                       - Unarmed
rCold   . . .        (no shield)
rNeg    . . .        (body armour unavailable)
rPois   +            (helmet currently unavailable)
rElec   .            (cloak currently unavailable)
rCorr   .            (gloves currently unavailable)
SInv    .            (boots currently unavailable)
Will    .....        (no amulet)
Stlth   +            (no ring)
HPRegen 0.27/turn    (no ring)
MPRegen 0.08/turn

%: no passive effects
@: mighty, tree-form
A: stationary, stasis, torment immunity, boosted hp, AC +5, unfitting armour,
(cold-blooded)
a: no special abilities


You were on level 2 of the Dungeon.
You were a tree.
You visited 1 branch of the dungeon, and saw 2 of its levels.

You collected 46 gold pieces.

Inventory:

Talismans
 b - a beast talisman
 c - a flux talisman
Potions
 a - a potion of lignification
 d - a potion of brilliance


   Skills:
 + Level 2.2 Fighting
 + Level 2.4 Dodging
 + Level 3.5 Unarmed Combat
 + Level 3.4 Shapeshifting


You had 2 spell levels left.
You didn't know any spells.
Your spell library was empty.

Dungeon Overview and Level Annotations

Branches:
Dungeon (2/15)

Altars:

Annotations:
D:2 Robin


Innate Abilities, Weirdness & Mutations

You are a tree.
Your roots penetrate the ground, keeping you stationary.
You cannot be teleported.
You are immune to unholy pain and torment.
Your maximum health is greatly increased.
Your equipment is partially melded.
((Your plain brown scales are hard. (AC +5)))
You cannot fit into any form of body armour.
((You are cold-blooded and may be slowed by cold attacks.))


Message History

The goblin closely misses you. The hobgoblin hits you.
The goblin hits you but does no damage. x2
You closely miss the goblin.
The goblin is severely wounded.
You punch the goblin!
You kill the goblin!
The goblin barely misses you. The goblin misses you.
The hobgoblin barely misses you. x2; The goblin barely misses you.
Your transformation has ended.
You turn into a tree.
Your roots penetrate the ground.
Robin throws the goblin at you! The goblin hits you with a +0 dagger.
* * * LOW HITPOINT WARNING * * *
The goblin hits you but does no damage.
The hobgoblin hits you but does no damage. x2
The goblin hits you but does no damage. x2
You barely miss the goblin.
The goblin hits you but does no damage. x2
The hobgoblin hits you but does no damage.
The hobgoblin hits you.
* * * LOW HITPOINT WARNING * * *
The goblin hits you but does no damage. x2
You barely miss the goblin. The goblin hits you with a +0 dagger.
* * * LOW HITPOINT WARNING * * *
The goblin hits you but does no damage.
The hobgoblin hits you but does no damage.
The goblin hits you with a +0 dagger.
* * * LOW HITPOINT WARNING * * *
The goblin hits you but does no damage. The hobgoblin hits you.
* * * LOW HITPOINT WARNING * * *
You barely miss the goblin. You punch the goblin.
You kill the goblin!
Robin throws the goblin at you!
The goblin hits you but does no damage. x3
The hobgoblin hits you.
* * * LOW HITPOINT WARNING * * *
The goblin hits you with a +0 dagger.
* * * LOW HITPOINT WARNING * * *
The hobgoblin hits you but does no damage.
You closely miss the goblin.
The goblin hits you but does no damage. x3
The hobgoblin hits you but does no damage.
The hobgoblin hits you.
You die...

#..# #>.#
##..# ...#
#.g# #gg#
#gg###
#####g♣g.#
#....gg#.####
######......#
#.......##.#
#.###...##.#
#.# #......#
#.# ##.##..##
#.# #.# ...#
#.####.###..#


You could see Robin, 3 hobgoblins and 5 goblins.

Vanquished Creatures
  An adder (D:2)
  2 dart slugs (D:1)
  5 ball pythons
  4 endoplasms (D:1)
  2 giant cockroaches (D:1)
  9 hobgoblins
  2 quokkas (D:1)
  A bat (D:1)
  2 frilled lizards (D:1)
  6 goblins
  3 kobolds (D:1)
  9 rats
46 creatures vanquished.

Notes
Turn   | Place    | Note
-------+----------+-------------------------------------------
     0 | D:1      | sampeng1 the Draconian Shapeshifter began the quest for the
                  | Orb.
     0 | D:1      | Reached XP level 1. HP: 16/16 MP: 1/1
    92 | D:1      | Reached XP level 2. HP: 23/23 MP: 2/2
   282 | D:1      | Found a faded altar of an unknown god.
   407 | D:1      | Reached XP level 3. HP: 29/29 MP: 3/3
   929 | D:2      | Noticed Robin
   942 | D:2      | HP: 2/43 [goblin/+0 dagger[Robin] (1)]
   943 | D:2      | Slain by a hobgoblin

Illustrated notes

Levels and vault maps discovered:
D:1:      onia_arrival_handbag, layout_basic,
          chequers_ecumenical_altar_simple_redux, minmay_octomino_e4
D:2:      layout_basic, serial_curves, eino_curves_03, eino_curves_02,
          uniq_robin

Skill      XL: |  1  2  3 |
---------------+----------+-----
Dodging        | 2 |  2.4
Fighting       | 2 |  2.2
Unarmed Combat | |  3.5
Shapeshifting  | |  3.4

Action                     || total
---------------------------++-------
  Melee: Unarmed           ||    92
         Tailslap          ||    10
         Punch             ||     2
    Use: Potion            ||     3
         Scroll            ||     2
 Armour: Skin              ||    71
  Dodge: Dodged            ||    67

Table legend: (Time is in decaauts)
 A = Elapsed time spent in this place.
 B = Non-inter-level travel time spent in this place.
 C = Inter-level travel time spent in this place.
 D = Time resting spent in this place.
 E = Time spent auto-exploring this place.
 F = Levels seen in this place.
 G = Mean time per level.
                   A        B        C        D        E       F      G
               +--------+--------+--------+--------+--------+-----+--------+
         Total |    937 |    901 |     36 |      0 |    628 |   2 |  468.5 |
       Dungeon |    937 |    901 |     36 |      0 |    628 |   2 |  468.5 |
               +--------+--------+--------+--------+--------+-----+--------+

Top non-repeatable levels by time:
     D:1: 879 daAuts
     D:2: 57 daAuts
